 Dungeon Crawl Stone Soup version 0.26-b1-32-g5d43845318 (webtiles) character file.

Game seed: 17928268093108185383

13704 Dirian the Grappler (level 11, -5/104 (107) HPs)
             Began as a Troll Fighter on Jan 11, 2021.
             Was a High Priest of Zin.
             Succumbed to a redback's poison
             ... on level 12 of the Dungeon.
             The game lasted 00:23:17 (11417 turns).

Dirian the Grappler (Troll Fighter)                Turns: 11417, Time: 00:23:18

HP:   -5/104 (107)  AC: 11    Str: 27    XL:     11   Next: 79%
MP:   11/11         EV: 12    Int:  4    God:    Zin [*****.]
Gold: 631           SH: 12    Dex: 11    Spells: 10/10 levels left

rFire    . . .     SeeInvis +     - Unarmed
rCold    . . .     Faith    .   b - +1 kite shield
rNeg     . . .     Spirit   .   u - +0 troll leather armour
rPois    .         Reflect  .   E - +2 hat
rElec    .         Harm     .   i - +0 cloak
rCorr    .         Rampage  .   (gloves unavailable)
Will     .....                  (boots unavailable)
Stlth    +.........             (no amulet)
HPRegen  1.07/turn              y - ring of see invisible
MPRegen  0.12/turn              j - ring of flight

@: lethally poisoned (-5 -> -165), lightly drained
A: large, unfitting armour, claws 3, regeneration 1, shaggy fur 1, tough skin 3
a: Renounce Religion, Evoke Flight, Recite, Vitalisation, Imprison, Sanctuary,
Donate Gold


You were on level 12 of the Dungeon.
You worshipped Zin.
Zin was extremely pleased with you.
You visited 2 branches of the dungeon, and saw 13 of its levels.

You collected 838 gold pieces.
You spent 124 gold pieces at shops.
You donated 83 gold pieces to Zin.

Inventory:

Missiles
 a - 3 large rocks
 l - 3 javelins (quivered)
 m - 7 boomerangs
Armour
 b - a +1 kite shield (worn)
 i - a +0 cloak (worn)
 s - a +0 tower shield
 u - a +0 troll leather armour (worn)
 E - a +2 hat (worn)
Jewellery
 j - a ring of flight (right claw)
 y - a ring of see invisible (left claw)
Wands
 f - a wand of paralysis (26)
 v - a wand of digging (13)
Scrolls
 g - 2 scrolls of silence
 k - a scroll of magic mapping
 p - 2 scrolls of fear
 r - 5 scrolls of identify
 t - a scroll of teleportation
 w - 6 scrolls of enchant armour
 x - 7 scrolls of remove curse
 z - 3 scrolls of blinking
 A - a scroll of immolation
 D - 2 scrolls of fog
Potions
 c - 2 potions of attraction
 d - 2 potions of might
 e - 2 potions of cancellation
 h - 3 potions of haste
 n - 2 potions of resistance
 o - 3 potions of heal wounds
 q - 5 potions of curing
 B - 3 potions of mutation
 C - 2 potions of invisibility
 F - a potion of magic {unknown}


   Skills:
 * Level 6.4 Fighting
 * Level 8.1 Throwing
 + Level 7.0 Dodging
 + Level 8.0 Shields
 - Level 10.0 Unarmed Combat
 * Level 2.0 Invocations


You had 10 spell levels left.
You didn't know any spells.
Your spell library contained the following spells:

 Spells                   Type           Power        Failure   Level
 Magic Dart               Conj           0%           61%         1
 Searing Ray              Conj           0%           75%         2
 Dazzling Flash           Conj/Hex       0%           93%         3
 Fulminant Prism          Conj/Hex       0%           100%        4
 Iskenderun's Mystic Bla  Conj/Tloc      0%           100%        4


Dungeon Overview and Level Annotations

Branches:
Dungeon (12/15)            Temple (1/1) D:5            Lair (0/6) D:9
    Orc: D:9-12

Altars:
Ashenzari
Cheibriados
Dithmenos
Elyvilon
Fedhas
Gozag
Hepliaklqana
Kikubaaqudgha
Makhleb
Nemelex Xobeh
Okawaru
Qazlal
Ru
Sif Muna
Trog
Uskayaw
Vehumet
Wu Jian
Xom
Yredelemnul
Zin
The Shining One

Shops:
D:7 *   D:11 *


Innate Abilities, Weirdness & Mutations

You are too large for most types of armour.
You have claws for hands.
Your natural rate of healing is unusually fast.
You are covered in fur. (AC +1)
You have extremely tough skin. (AC +3)


Message History

The deep elf mage casts a spell.
The hell rat bites you. The yak gores you.
You closely miss the deep elf mage.
The deep elf mage is heavily wounded.
* * * LOW HITPOINT WARNING * * *
You feel extremely sick. The redback bites you!
* * * LOW HITPOINT WARNING * * *
You are more poisoned.
The redback poisons you! The redback bites you.
* * * LOW HITPOINT WARNING * * *
The yak barely misses you. You block the hell rat's attack.
The redback bites you!
* * * LOW HITPOINT WARNING * * *
You are more poisoned.
The redback poisons you! The deep elf mage closely misses you.
You block the redback's attack.
You claw the deep elf mage!
The deep elf mage is almost dead.
You die...

###.....#.## #...#.##
...o4......###......##
†..Yos......#........##
...Y.e....#...........##
#...o.#...##..(........#
####.Y#...##...........##
##.hY..#..#..Y.Y4......###
##.....###....Yses.....>...
#...#..###....#Y@sr........
.#..##........##Yr..........
..............##.....(......
...#..............).....#
#.##...........#.#...##.#
#....#.........####..#
.....##.....##..###..##.#..
.......[....#..............
#..............##..........


You could see a demonic crawler (summoned), a rust devil (summoned), a deep elf
mage, 5 yaks, 2 redbacks and 2 hell rats.

Vanquished Creatures
  Gastronok (D:9)
  A centaur warrior (D:11)
  A wolf spider zombie (D:12)
  An ugly thing (D:8)
  A komodo dragon (D:9)
  A yaktaur (D:11)
  3 hornets
  3 trolls
  Grinder (D:6)
  A wyvern (D:11)
  A shadow (D:12)
  4 yaks (D:11)
  3 vampire mosquitoes (D:12)
  Edmund (D:6)
  A soldier ant (D:11)
  2 water moccasins
  5 orc warriors
  An ice beast (D:9)
  3 sky beasts
  A hornet zombie (D:10)
  A black bear (D:12)
  An eye of draining (D:12)
  3 necrophages
  10 ogres
  A phantom (D:8)
  9 centaurs
  7 bullfrogs
  3 big kobolds
  A wyvern zombie (D:12)
  A wyvern skeleton (D:11)
  3 scorpions
  4 killer bees (D:8)
  A water moccasin skeleton (D:8)
  2 oklob saplings (D:8)
  4 howler monkeys
  10 wights
  5 bullfrog zombies
  2 centaur zombies
  3 bullfrog skeletons
  4 hounds
  5 jellies
  2 orc priests
  4 centaur skeletons
  Terence (D:2)
  4 iguanas
  7 orc wizards
  15 worker ants
  Natasha (thrice) (D:3)
  A killer bee zombie (D:6)
  A gnoll (D:1)
  2 worker ant zombies
  17 adders
  3 shadow imps
  A white imp (D:7)
  4 ufetubi
  An ooze (D:3)
  2 adder zombies
  2 adder skeletons
  5 worms
  3 dart slugs
  7 leopard geckos
  52 orcs
  5 giant cockroaches
  5 goblins
  11 hobgoblins
  12 jackals
  5 quokkas
  7 ball pythons
  A ball python skeleton (D:5)
  10 bats
  5 frilled lizards
  A jackal skeleton (D:6)
  A jackal zombie (D:6)
  21 kobolds
  A leopard gecko zombie (D:6)
  2 quokka skeletons (D:4)
  A quokka zombie (D:5)
  13 rats
354 creatures vanquished.

Vanquished Creatures (others)
  27 plants
  3 withered plants (D:6)
30 creatures vanquished.

Grand Total: 384 creatures vanquished

Notes
Turn   | Place    | Note
-------+----------+-------------------------------------------
     0 | D:1      | Dirian the Troll Fighter began the quest for the Orb.
     0 | D:1      | Reached XP level 1. HP: 22/22 MP: 0/0
   328 | D:1      | Reached XP level 2. HP: 29/29 MP: 1/1
   489 | D:1      | Reached XP level 3. HP: 36/36 MP: 2/2
   491 | D:1      | Found an iron altar of Okawaru.
  1251 | D:2      | Noticed Terence
  1271 | D:2      | Killed Terence
  1272 | D:2      | Reached XP level 4. HP: 24/44 MP: 3/3
  1797 | D:2      | Reached skill level 3 in Unarmed Combat
  1949 | D:3      | Noticed Natasha
  1969 | D:3      | Killed Natasha
  1983 | D:3      | Reached XP level 5. HP: 17/50 MP: 4/4
  2186 | D:3      | Found a radiant altar of Vehumet.
  2200 | D:3      | Noticed Natasha
  2210 | D:3      | Killed Natasha
  2274 | D:3      | Noticed Natasha
  2279 | D:3      | Killed Natasha
  2280 | D:3      | Reached skill level 4 in Unarmed Combat
  2280 | D:3      | Reached XP level 6. HP: 57/59 MP: 5/5
  3065 | D:4      | Found a shimmering blue altar of Sif Muna.
  3387 | D:5      | Entered Level 5 of the Dungeon
  3398 | D:5      | Noticed a sky beast
  3406 | D:5      | Killed a sky beast
  3407 | D:5      | Reached skill level 5 in Unarmed Combat
  3407 | D:5      | Reached XP level 7. HP: 66/66 MP: 6/6
  3505 | D:5      | Reached skill level 1 in Throwing
  3702 | D:5      | Found a staircase to the Ecumenical Temple.
  3752 | D:5      | Found a white marble altar of Elyvilon.
  4028 | D:5      | Found a hazy altar of Hepliaklqana.
  4103 | D:5      | Found a basalt altar of Yredelemnul.
  4156 | Temple   | Entered the Ecumenical Temple
  4328 | Temple   | Became a worshipper of Zin the Law-Giver
  4328 | Temple   | Reached * piety under Zin
  4464 | D:6      | Reached skill level 6 in Unarmed Combat
  4476 | D:6      | Reached ** piety under Zin
  4495 | D:6      | Reached XP level 8. HP: 61/75 MP: 7/7
  4704 | D:6      | Found a blossoming altar of Fedhas.
  4826 | D:6      | Found a sparkling altar of Nemelex Xobeh.
  4843 | D:6      | Reached *** piety under Zin
  4923 | D:6      | Noticed Grinder
  4936 | D:6      | Killed Grinder
  4937 | D:6      | Reached skill level 5 in Dodging
  4937 | D:6      | Reached skill level 7 in Unarmed Combat
  4974 | D:6      | Noticed Edmund
  4987 | D:6      | Killed Edmund
  5071 | D:6      | Found a broken altar of Ashenzari.
  5071 | D:6      | Found a shadowy altar of Dithmenos.
  5102 | D:6      | Found an ancient bone altar of Kikubaaqudgha.
  5271 | D:6      | Found a burning altar of Makhleb.
  5767 | D:7      | Reached XP level 9. HP: 84/84 MP: 8/8
  5817 | D:7      | Paralysed by a hornet for 1 turns
  5820 | D:7      | Reached skill level 8 in Unarmed Combat
  5894 | D:7      | Found Qatow's Assorted Antiques.
  5950 | D:7      | Reached skill level 5 in Shields
  6122 | D:7      | Bought a scroll of identify for 62 gold pieces
  6122 | D:7      | Bought a scroll labelled DATU KOZAXUN for 31 gold pieces
  6122 | D:7      | Bought a scroll labelled HAARCH IRRARGH for 31 gold pieces
  6305 | D:7      | Found a glowing golden altar of the Shining One.
  6322 | D:7      | Reached **** piety under Zin
  6571 | D:8      | Noticed a cyan ugly thing
  6585 | D:8      | Killed a cyan ugly thing
  6586 | D:8      | Reached skill level 9 in Unarmed Combat
  6806 | D:8      | Reached XP level 10. HP: 92/94 MP: 9/9
  7042 | D:8      | Found a radiant altar of Vehumet.
  7221 | D:8      | Reached skill level 1 in Invocations
  7302 | D:8      | Reached skill level 5 in Fighting
  7488 | D:8      | HP: 2/96 [acid (15)]
  7650 | D:8      | Found a blossoming altar of Fedhas.
  7680 | D:8      | Paralysed by a hornet for 2 turns
  7686 | D:8      | Reached skill level 5 in Throwing
  8316 | D:9      | Found a snail-covered altar of Cheibriados.
  8516 | D:9      | Noticed Gastronok
  8530 | D:9      | Killed Gastronok
  8531 | D:9      | Reached skill level 10 in Unarmed Combat
  8813 | D:9      | Reached ***** piety under Zin
  8834 | D:9      | Found a staircase to the Lair.
  8846 | D:9      | Reached XP level 11. HP: 45/105 MP: 9/11
  9052 | D:10     | Entered Level 10 of the Dungeon
  9600 | D:10     | Found a shadowy altar of Dithmenos.
 10152 | D:11     | Found a sacrificial altar of Ru.
 10607 | D:11     | Found Uclag's Assorted Antiques.
 10729 | D:11     | Noticed a centaur warrior
 10753 | D:11     | Killed a centaur warrior
 11170 | D:12     | Noticed a deep elf mage
 11416 | D:12     | HP: 3/104 [redback[a deep elf mage] (10)]
 11417 | D:12     | Succumbed to a redback's poison

Illustrated notes

Levels and vault maps discovered:
D:1:      evilmike_arrival_fibonacci_small, layout_loops_ring,
          serial_co_window_serial, co_window_of_opportunity_a,
          co_window_paths_a, co_window_corner_a, co_window_paths_a,
          co_window_corner_a, co_window_of_opportunity_a, co_window_broadway_a,
          co_window_2corner, co_window_corner_b, co_window_corner_ca,
          glass_columns_b, glass_columns_a, glass_columns_a, glass_columns_c,
          st_stairs_3, minmay_misc_feat_plants, okawaru_ov_weapons_minmay
D:2:      layout_loops_corners, uniq_terence
D:3:      layout_loops_ring, vehumet_crystals, chequers_serial_rivers_small_a,
          uniq_natasha
D:4:      layout_loops_ring, lemuel_round_altar, serial_bayou_ford_a,
          small_statue_intersection
D:5:      layout_gridville, kennysheep_ying_yang, nzn_hepliaklqana_mist_gate,
          temple_hall
D:6:      lemuel_ice_spiral_2, layout_basic, nemelex_xobeh_ov_fountains_minmay,
          nicolae_overflow_quartered_altars, overflow_temple_1_default,
          serial_undead, serial_undead_f, serial_undead_b, serial_undead_c,
          serial_undead_c, serial_undead_a, serial_undead_b, serial_undead_e,
          kennysheep_small_square, uniq_edmund, uniq_grinder
D:7:      layout_cave_pools, old_standard_altar, serial_shops, shop
D:8:      layout_basic, basic_altar, minivault_27, introduction_to_nature_2
D:9:      layout_roguey, cheibriados_altar_1, david_lair_shrubbed,
          uniq_gastronok
D:10:     layout_gridville, nicolae_dithmenos_through_a_glass_darkly
D:11:     minmay_opposing_rooms, layout_loops_ring, serial_shops, shop_statue,
          hangedman_ru_absence
D:12:     layout_cave_pools, orc_david_3
Temple:   chequers_temple_sunken

Skill      XL: |  1  2  3  4  5  6  7  8  9 10 11 |
---------------+----------------------------------+-----
Dodging        | 3 4 5 6 7 |  7.0
Shields        | 3 4 5 6 8 |  8.0
Unarmed Combat | 3 4 5 6 7 9 10 | 10.0
Throwing       | 2 3 4 7 8 |  8.1
Fighting       | 3 4 5 6 |  6.4
Invocations    | 1 2 |  2.0

Action                   |  1- 3 |  4- 6 |  7- 9 | 10-12 || total
-------------------------+-------+-------+-------+-------++-------
Melee: Unarmed           |   120 |   251 |   344 |   492 ||  1207
Throw: Boomerang         |       |       |       |    18 ||    18
       Javelin           |       |       |       |     3 ||     3
Invok: Vitalisation      |       |       |     1 |     4 ||     5
       Recite            |       |       |     1 |       ||     1
  Use: Potion            |     1 |     1 |       |       ||     2
       Scroll            |       |    10 |     9 |     7 ||    26
 Stab: Sleeping          |       |       |       |     1 ||     1
Armor: Robe              |    47 |    66 |    73 |    46 ||   232
       Troll leather arm |       |       |       |    48 ||    48
Dodge: Dodged            |    38 |    82 |   120 |   190 ||   430
Block: Kite shield       |    54 |   106 |   153 |   279 ||   592
